 Dungeon Crawl Stone Soup version 0.26-a0-1013-gf6ffb0d6bd (webtiles) character file.

Game seed: 6479744296412382184

545 HilariousDeathArtist the Fighter (level 7, -10/64 HPs)
             Began as a Barachi Chaos Knight on Dec 7, 2020.
             Was a Plaything of Xom.
             Mangled by an ogre
             ... wielding a +0 giant spiked club
              (18 damage)
             ... on level 4 of the Dungeon.
             The game lasted 00:04:01 (4237 turns).

HilariousDeathArtist the Fighter (BaCK)             Turns: 4237, Time: 00:04:02

Health: -10/64     AC:  7    Str: 12      XL:     7   Next: 27%
Magic:  7/7        EV: 12    Int: 12      God:    Xom [*.....]
Gold:   233        SH:  0    Dex: 11 (13) Spells: 6/6 levels left

rFire    . . .     SeeInvis .   a - +0 falchion (chaos)
rCold    . . .     Faith    .   (no shield)
rNeg     . . .     Spirit   .   b - +2 leather armour
rPois    +         Reflect  .   n - +0 helmet
rElec    .         Harm     .   (no cloak)
rCorr    .         Rampage  .   p - +0 pair of gloves
Will     .....                  (no boots)
Stlth    +.........             (no amulet)
HPRegen  0.20/turn              v - ring of poison resistance {rPois, !d}
MPRegen  0.10/turn              (no ring)

@: lightly drained, slow
A: +LOS, swims, blurry vision 1, deterioration 1, slowness 1, weak 1, strong
legs 1
a: Hop, Renounce Religion


You were on level 4 of the Dungeon.
You worshipped Xom.
You were a special plaything of Xom.
You visited 1 branch of the dungeon, and saw 4 of its levels.

You collected 233 gold pieces.

Inventory:

Hand Weapons
 a - a +0 falchion of chaos (weapon)
Missiles
 c - 3 atropa-tipped darts
 i - 8 curare-tipped darts
 s - 9 poisoned darts
 w - 3 boomerangs
Armour
 b - a +2 leather armour (worn)
 l - a +1 hat
   (You found it on level 1 of the Dungeon)
 n - a +0 helmet (worn)
   (You took it off Robin on level 2 of the Dungeon)
 p - a +0 pair of gloves (worn)
   (You found it on level 2 of the Dungeon)
Magical Staves
 y - an uncursed staff of cold {unknown}
   (You found it on level 3 of the Dungeon)
Jewellery
 v - a ring of poison resistance (left hand) {rPois, !d}
   (You found it on level 3 of the Dungeon)
Wands
 q - a wand of random effects (19)
   (You took it off Natasha on level 2 of the Dungeon)
 z - a wand of disintegration (16)
   (You found it on level 4 of the Dungeon)
Scrolls
 d - 6 scrolls of remove curse
 e - 4 scrolls of teleportation {unknown}
 h - a scroll of enchant armour {unknown}
 k - 2 scrolls of magic mapping {unknown}
 m - a scroll of noise {unknown}
 r - 4 scrolls of identify {unknown}
 t - 2 scrolls of random uselessness {unknown}
Potions
 f - a potion of experience {unknown}
 g - a potion of might {unknown}
 j - 2 potions of brilliance {unknown}
 o - a potion of mutation {unknown}
 u - a potion of attraction {unknown}
 x - a potion of flight {unknown}


   Skills:
 + Level 9.4(9.0) Fighting
 - Level 3.6(3.2) Long Blades
 - Level 2.4(2.0) Armour
 + Level 2.3(2.0) Dodging


You had 6 spell levels left.
You didn't know any spells.
Your spell library was empty.

Dungeon Overview and Level Annotations

Branches:
Dungeon (4/15)
 Temple: D:4-7

Altars:
Trog


Innate Abilities, Weirdness & Mutations

You can be seen from farther away. (+LOS)
You can swim through water.
You cover ground slowly.
You can hop short distances.
Scrolls take you a little longer to read.
Your body sometimes deteriorates upon taking damage.
You are weak. (Str -2)


Message History

Items here: ) [ ††.
You take 6 damage, and have 49/64 hp.
You closely miss something. Something hits you.
You hear some strange, mumbled words.
A puff of frost appears from out of thin air!
The puff of frost hits you!
Your body deteriorates!
You feel clumsy.
You take 9 damage, and have 40/64 hp.
You hit something. Something hits you. x2
A scorpion comes into view.
You take 4 damage, and have 36/64 hp.
You barely miss something. Something hits you but does no damage.
You hit something.
Something hits you but does no damage. x2
You barely miss something.
Something hits you but does no damage. x2
You miss something. Something hits you but does no damage.
You closely miss something. Something hits you but does no damage.
Something hits you.
You take 4 damage, and have 33/64 hp.
You miss something. Something hits you but does no damage. Something hits you.
You take 1 damage, and have 32/64 hp.
You hit something. You burn something.
Xom calls forth mighty explosions.
The fireball engulfs the orc!
The orc dies!
The fireball engulfs something!
Reactivating autopickup.
You feel a bit more experienced.
The fireball engulfs the scorpion!
The fireball engulfs the orc!
The orc dies!
You are now a plaything of Xom.
Unknown command.
Unknown command.
You slash the orc! You freeze the orc.
You kill the orc!
You closely miss the scorpion. The scorpion barely misses you.
You hit the scorpion but do no damage. The scorpion closely misses you.
You hit the scorpion but do no damage. The scorpion barely misses you.
You riposte.
You hit the scorpion. You hit the scorpion.
The scorpion is moving more slowly.
The scorpion stings you but does no damage.
You hit the scorpion. The scorpion stings you.
You take 1 damage, and have 32/64 hp.
You hit the scorpion.
The scorpion suddenly stops moving!
The helpless scorpion fails to defend itself.
You hit the scorpion.
You kill the scorpion!
Items here: )) [ ††.
You start resting.
You are now a special plaything of Xom.
You regained 8 hp, and now have 40/64 hp.
Things that are here:
a +2 flail of protection; an orc corpse
Things that are here:
a cursed -3 short sword; a +0 chain mail; an orc corpse
Items here: )) [ ††.
You start resting.
Health restored: 64
Things that are here:
a cursed -3 short sword; a +0 chain mail; an orc corpse
There is a stone staircase leading down here.
You now have 233 gold pieces (gained 10).
Items here: )) [ ††.
Things that are here:
a +0 dagger; a +0 robe; an orc skeleton
Items here: )) [ ÷÷.
Things that are here:
a +2 flail of protection; an orc skeleton An ogre comes into view.
It is wielding a +0 giant spiked club.
The ogre shouts!
You hear an angry hiss.
The ogre hits you but does no damage.
You closely miss the ogre. You barely miss the ogre.
The ogre closely misses you.
You hit the ogre.
The ogre is poisoned.
The ogre hits you with a +0 giant spiked club!
You take 10 damage, and have 54/64 hp.
You barely miss the ogre.
The ogre hits you with a +0 giant spiked club.
You take 5 damage, and have 49/64 hp.
You hit the ogre. You freeze the ogre.
The ogre hits you with a +0 giant spiked club!!
You take 21 damage, and have 28/64 hp.
MASSIVE DAMAGE!!
You are too injured to fight recklessly!
Unknown command.
You slash the ogre!
The ogre blinks!
You barely miss the ogre. The ogre barely misses you.
A frilled lizard comes into view.
You closely miss the ogre.
The ogre hits you with a +0 giant spiked club!!
* * * LOW HITPOINT WARNING * * *
Your body deteriorates!
You feel clumsy.
You take 21 damage, and have 8/64 hp.
MASSIVE DAMAGE!!
Okay, then.
You hit the ogre. The frilled lizard barely misses you.
The ogre hits you with a +0 giant spiked club!!
You die...
Xom chuckles heartily!

#####.##.....))## #.#
##...#........######.#
##....................#
#...>........##########
#............#
#............#
##.....#####.# ##...##
#O# ##### #@# #l# #.#
#.. #.. #... .### #


You could see an ogre (poisoned) and a frilled lizard.

Vanquished Creatures
  Sigmund (D:2)
  A scorpion (D:4)
  An orc wizard (D:4)
  An orc priest (D:3)
  Natasha (thrice) (D:2)
  Robin (D:2)
  4 gnolls (D:3)
  4 adders
  An ooze (D:3)
  2 worms
  2 dart slugs (D:1)
  4 leopard geckos
  12 orcs
  10 bats
  A giant cockroach (D:2)
  13 goblins
  16 hobgoblins
  2 jackals (D:1)
  3 quokkas (D:3)
  6 frilled lizards
  3 kobolds
  8 rats
99 creatures vanquished.

Vanquished Creatures (collateral kills)
  A goblin (D:2)
1 creature vanquished.

Vanquished Creatures (others)
  An orc wizard (D:4)
  2 orcs (D:4)
  3 plants (D:3)
6 creatures vanquished.

Grand Total: 106 creatures vanquished

Notes
Turn   | Place    | Note
-------+----------+-------------------------------------------
     0 | D:1      | HilariousDeathArtist the Barachi Chaos Knight began the
                  | quest for the Orb.
     0 | D:1      | Reached XP level 1. HP: 18/18 MP: 1/1
   176 | D:1      | Reached skill level 4 in Fighting
   213 | D:1      | Reached XP level 2. HP: 10/26 MP: 2/2
   424 | D:1      | XOM: silly message
   442 | D:1      | XOM: divination: magic mapping
   486 | D:1      | XOM: noise
   592 | D:1      | Reached XP level 3. HP: 32/32 MP: 3/3
   634 | D:1      | Reached skill level 5 in Fighting
   787 | D:1      | XOM: divination: detect creatures
  1011 | D:1      | XOM: divination: detect items
  1166 | D:2      | Noticed Sigmund
  1173 | D:2      | XOM: summons friendly quasit
  1177 | D:2      | Killed Sigmund
  1178 | D:2      | Reached skill level 7 in Fighting
  1178 | D:2      | Reached XP level 4. HP: 12/43 MP: 4/4
  1178 | D:2      | Reached XP level 5. HP: 14/48 MP: 5/5
  1399 | D:2      | Noticed Natasha
  1408 | D:2      | XOM: cast spell 'Call Canine Familiar'
  1413 | D:2      | Killed Natasha
  1414 | D:2      | Reached XP level 6. HP: 47/56 MP: 6/6
  1427 | D:2      | Reached skill level 8 in Fighting
  1430 | D:2      | Noticed Robin
  1447 | D:2      | Killed Robin
  1545 | D:2      | XOM: noise
  1574 | D:2      | XOM: 1-stop teleportation journey
  1574 | D:2      | Noticed Natasha
  1583 | D:2      | XOM: divination: detect items
  1586 | D:2      | Killed Natasha
  1603 | D:2      | Noticed Natasha
  1685 | D:1      | XOM: cloud trail
  1804 | D:2      | Killed Natasha
  1869 | D:2      | XOM: 1-stop teleportation journey
  1989 | D:2      | XOM: noise
  2089 | D:2      | XOM: draining
  2299 | D:2      | XOM: summons 2 hostile shadow creatures
  2386 | D:2      | Found a bloodstained altar of Trog.
  2591 | D:3      | XOM: butterfly on damage
  2894 | D:3      | Reached skill level 9 in Fighting
  3006 | D:3      | XOM: 3-stop teleportation journey
  3200 | D:3      | XOM: butterfly on damage
  3207 | D:3      | Reached XP level 7. HP: 20/64 MP: 7/7
  3207 | D:3      | HP: 16/64 [gnoll/+0 spear (4)]
  3214 | D:3      | HP: 11/64 [gnoll (2)]
  3391 | D:3      | XOM: torment (25/64 hp)
  3870 | D:4      | XOM: give mutations
  3870 | D:4      | Gained mutation: Your body sometimes deteriorates upon
                  | taking damage. [Xom's mischief]
  3870 | D:4      | Gained mutation: Scrolls take you a little longer to read.
                  | [Xom's mischief]
  3870 | D:4      | Gained mutation: You are weak. (Str -2) [Xom's mischief]
  4002 | D:4      | Reached skill level 2 in Dodging
  4011 | D:4      | XOM: destruction
  4236 | D:4      | HP: 8/64 [ogre/+0 giant spiked club (21)]
  4237 | D:4      | Mangled by an ogre

Illustrated notes

Levels and vault maps discovered:
D:1:      dpeg_arrival_windows_large_door, layout_loops_ring, bh_walls_and_bars
D:2:      layout_basic, trog_book, uniq_robin, uniq_sigmund, uniq_natasha
D:3:      layout_basic, serial_forest, infiniplex_forest_diagonal,
          infiniplex_forest_clump_curved, infiniplex_forest_corner_1,
          infiniplex_forest_straight_3
D:4:      minmay_diamond_boxcup, layout_loops_corners

Skill      XL: |  1  2  3  4  5  6  7 |
---------------+----------------------+-----
Fighting       | 4 7 9 |  9.4
Dodging        | 2 |  2.3
Long Blades    | |  3.6
Armour         | |  2.4

Action                   |  1- 3 |  4- 6 |  7- 9 || total
-------------------------+-------+-------+-------++-------
Melee: Falchion          |    89 |   171 |    55 ||   315
 Abil: Hop               |     1 |       |       ||     1
  Use: Scroll            |       |       |     1 ||     1
 Stab: Paralysed         |       |     3 |     1 ||     4
Armor: Leather armour    |    30 |    76 |    17 ||   123
Dodge: Dodged            |    80 |   123 |    20 ||   223
       Rpst.: Falchion   |    24 |    39 |     4 ||    67

Table legend: (Time is in decaauts)
 A = Elapsed time spent in this place.
 B = Non-inter-level travel time spent in this place.
 C = Inter-level travel time spent in this place.
 D = Time resting spent in this place.
 E = Time spent auto-exploring this place.
 F = Levels seen in this place.
 G = Mean time per level.
                   A        B        C        D        E       F      G
               +--------+--------+--------+--------+--------+-----+--------+
         Total |   4659 |   4555 |    104 |   1650 |   2211 |   4 | 1164.8 |
       Dungeon |   4659 |   4555 |    104 |   1650 |   2211 |   4 | 1164.8 |
               +--------+--------+--------+--------+--------+-----+--------+

Top non-repeatable levels by time:
     D:3: 1584 daAuts
     D:1: 1392 daAuts
     D:2: 1279 daAuts
     D:4: 403 daAuts

Table legend:
 A = Kills in this place as a percentage of kills in entire the game.
 B = Kills by you in this place as a percentage of kills by you in the entire game.
 C = Kills by friends in this place as a percentage of kills by friends in the entire game.
 D = Other kills in this place as a percentage of other kills in the entire game.
 E = Experience gained in this place as a percentage of experience gained in the entire game.
 F = Experience gained in this place divided by the number of levels of this place that you have seen.
                   A       B       C       D       E      F
               +-------+-------+-------+-------+-------+----------------------
         Total | 100.0 | 100.0 | 100.0 | 100.0 | 100.0 | 194.8
       Dungeon | 100.0 | 100.0 | 100.0 | 100.0 | 100.0 | 194.8
               +-------+-------+-------+-------+-------+----------------------
